 Dungeon Crawl Stone Soup version 0.16-a0-2979-g562a0a4 (webtiles) character file.

571636 myeffort the Petrodigitator (level 25, -5/196 HPs)
             Began as a Deep Dwarf Earth Elementalist on Dec 2, 2014.
             Was a High Priest of Makhleb.
             Slain by a caustic shrike (29 damage)
             ... on level 5 of the Depths on Dec 5, 2014.
             The game lasted 10:30:28 (96924 turns).

myeffort the Petrodigitator (DDEE)                 Turns: 96924, Time: 10:30:28

Health: -5/196     AC: 15    Str: 14    XL:     25   Next: 66%
Magic:  2/40       EV: 23    Int: 33    God:    Makhleb [*****.]
Gold:   7582       SH: 15    Dex: 17    Spells: 7 memorised, 4 levels left

rFire  + + +     SeeInvis +     b - +3 Elemental Staff {rElec rF++ rC++ MR++ AC+5}
rCold  + + .     Clarity  .     g - +5 leather armour of the Desert {MR+ rCorr SInv}
rNeg   + + .     SustAb   .     J - +2 shield
rPois  +         Gourm    +     A - +0 hat {Int+3}
rElec  +         Spirit   .     U - +0 cloak of the Carpenter {rN+}
rCorr  +         Warding  .     y - +2 pair of gloves {Dex+3}
rMut   .         Stasis   .     p - +2 pair of boots of Tragunow {+Inv rF+}
MR     +++++                    T - amulet of the gourmand
Stlth  ++++++....               Y - ring of the Mage {Wiz MR++ Int+3}
                                s - ring of poison resistance

@: about to teleport, corroded equipment, very slightly contaminated,
non-regenerating, almost entirely resistant to hostile enchantments, very
stealthy
A: damage resistance, recharge devices, hooves 1, breathe flames 1, clever 1,
high mp 1, negative energy resistance 1, sense surroundings 3, slow healing 3
a: Device Recharging, Minor Destruction, Lesser Servant of Makhleb, Major
Destruction, Greater Servant of Makhleb, Renounce Religion, Breathe Fire, Evoke
Invisibility
}: 3/15 runes: barnacled, silver, gossamer


You were on level 5 of the Depths.
You worshipped Makhleb.
Makhleb was extremely pleased with you.
You were very hungry.

You visited 11 branches of the dungeon, and saw 53 of its levels.
You visited the Abyss 1 time.
You also visited: Ice Cave.

You collected 9227 gold pieces.
You spent 1574 gold pieces at shops.

Inventory:

Hand weapons
 b - the +3 Elemental Staff (weapon) {rElec rF++ rC++ MR++ AC+5}
   (You found it on level 3 of the Elven Halls)

   It affects your AC (+5).
   It greatly protects you from fire.
   It greatly protects you from cold.
   It insulates you from electricity.
   It affects your resistance to hostile enchantments.
Missiles
 n - 827 stones (quivered)
Armour
 g - the +5 leather armour of the Desert (worn) {MR+ rCorr SInv}
   (You found it on level 7 of the Dungeon)

   It affects your resistance to hostile enchantments.
   It enhances your eyesight.
   It protects you from acid and corrosion.
 p - the +2 pair of boots of Tragunow (worn) {+Inv rF+}
   (You found it on level 3 of the Spider Nest)

   It protects you from fire.
   It lets you turn invisible.
 y - a +2 pair of gloves of dexterity (worn)
 A - a +0 hat of intelligence (worn)
 J - a +2 shield (worn)
 U - the +0 cloak of the Carpenter (worn) {rN+}
   (You found it on level 1 of the Lair of Beasts)

   It protects you from negative energy.
Magical staves
 a - an uncursed staff of energy
Rods
 u - a +4 rod of shadows (10/10)
   (You took it off a centaur warrior on level 1 of the Depths)
Jewellery
 f - an uncursed ring of protection from magic
 s - a ring of poison resistance (left hand)
 O - an uncursed ring of protection from cold
 T - an amulet of the gourmand (around neck)
 Y - the ring of the Mage (right hand) {Wiz MR++ Int+3}
   (You found it on level 1 of the Depths)

   [ring of wizardry]

   It improves your spell success rate.
   It affects your intelligence (+3).
   It affects your resistance to hostile enchantments.
 Z - a +1 ring of strength
Magical devices
 e - a wand of confusion (15)
 k - a wand of heal wounds (5)
 o - a wand of cold (4)
 t - a wand of random effects (22)
 w - a wand of teleportation (0)
 x - a wand of paralysis (11)
 C - a wand of lightning (7)
 D - a wand of disintegration (9)
 E - a wand of teleportation (5)
 K - a wand of enslavement (5)
 W - a wand of flame (11)
 X - a wand of digging (12)
Scrolls
 d - 5 scrolls of identify
 h - 3 scrolls of blinking
 i - 8 scrolls of magic mapping
 q - 2 scrolls of remove curse
 r - 2 scrolls of fear
 N - 6 scrolls of fog
 V - a scroll of holy word
Potions
 c - 3 potions of restore abilities
 v - 2 potions of flight
 z - 3 potions of brilliance
 F - a potion of invisibility
 G - 4 potions of curing
 I - 3 potions of resistance
 S - a potion of cancellation
Miscellaneous
 j - a stone of tremors
 l - a phantom mirror
 M - a phial of floods
 P - a lamp of fire
Comestibles
 m - 21 bread rations
 B - 14 meat rations
 H - a royal jelly
 R - 13 beef jerkies


   Skills:
 + Level 6.1 Fighting
 - Level 13.1 Staves
 - Level 3.2 Armour
 - Level 15.4 Dodging
 - Level 15.0 Stealth
 - Level 15.0 Shields
 - Level 5.0 Spellcasting
 - Level 15.1 Conjurations
 - Level 0.8 Transmutations
 O Level 27 Earth Magic
 - Level 23.4 Invocations
 - Level 23.0 Evocations


You had 4 spell levels left.
You knew the following spells:

 Your Spells              Type           Power        Failure   Level  Hunger
a - Sandblast             Erth           ######       0%          1    None
b - Stone Arrow           Conj/Erth      ######       0%          3    None
c - Lee's Rapid Deconstr  Erth           ########..   0%          5    #####..
d - Petrify               Trmt/Erth      #######.     1%          4    ###....
e - Stoneskin             Trmt/Erth      #######.     1%          2    None
f - Iron Shot             Conj/Erth      #######...   1%          6    ######.
g - Shatter               Erth           ########..   4%          9    #######


Dungeon Overview and Level Annotations

Branches:
Dungeon (15/15)            Temple (1/1) D:7            Lair (8/8) D:9
 Shoals (5/5) Lair:3       Spider (5/5) Lair:4        Slime (0/6) Lair:8
    Orc (4/4) D:9             Elf (3/3) Orc:4        Vaults (5/5) D:13
  Crypt (1/3) Vaults:2     Depths (5/5) D:15           Hell (1/1)
    Dis: Hell:1         Geh: Hell:1         Coc: Hell:1         Tar: Hell:1
    Zot: Depths:5

Altars:
Ashenzari
Cheibriados
Elyvilon
Fedhas
Gozag
Kikubaaqudgha
Makhleb
Nemelex Xobeh
Okawaru
Qazlal
Ru
Sif Muna
Trog
Vehumet
Xom
Yredelemnul
Zin
The Shining One
Beogh
Jiyva

Shops:
D:5 (   D:6 :!:?   D:7 *   D:8 ?   D:14 !   Orc:4 (=[*}   Vaults:3 *
Vaults:4 (}   Depths:2 (

Portals:
Hell: Depths:1 Depths:2 Depths:3 Depths:4
Abyss: Depths:3 Depths:4
Pandemonium: Depths:2 Depths:3 Depths:4
Ziggurat: Depths:4

Annotations:
D:4 1 exclusion
Elf:2 runed door
Depths:1 exclusions: deep troll shaman and iron troll
Hell Geryon


Innate Abilities, Weirdness & Mutations

You are resistant to damage.
You can recharge devices by infusing magical energy.
You resist negative energy.
You passively map a large area around you.
You do not heal naturally.
You have large cloven feet.
You can breathe flames.
Your mind is acute. (Int +2)
You have an increased reservoir of magic (+10% MP).


Message History

Press: ? - help, Shift-Dir - straight line, f - caustic shrike, p - caustic shrike
Aim: a caustic shrike (almost dead)
The bolt of fire misses the caustic shrike.
You feel somewhat more hungry.
You are engulfed in roaring flames.
You resist.
The deep troll earth mage burns!
The caustic shrike closely misses you. You block the caustic shrike's attack.
The caustic shrike claws you but does no damage.
Unknown command.
Read which item? (? for menu, Esc to quit)
As you read the scroll of teleportation, it crumbles to dust.
You feel strangely unstable.
You are engulfed in roaring flames.
You resist.
* * * LOW HITPOINT WARNING * * *
The deep troll earth mage burns!
You block the caustic shrike's attack. The caustic shrike claws you!
* * * LOW HITPOINT WARNING * * *
You are splashed with acid!
The acid burns!
You resist.
The caustic shrike claws you but does no damage.
The caustic shrike misses you. x2
The caustic shrike claws you!!
You die...

#################
#≈≈..§§§.§≈...§≈# #
#≈....≈§..§....≈# #
#....§§§..§.....# # ############
#..≈≈.d§....≈≈..##
###8#8#88#8#8###@b≈...≈§§§..≈..##
#..............#bb≈..§§§§≈..§§.#.
'....(.........'T.≈..≈§≈§§.§≈.[†.
'..............'..≈..≈≈≈§§.§§..).
#..............#.§§§..≈§§..÷§§.#.
###8#8#88#8#8###T.§§....§..≈§).##
# ############ #[§§.§.........(##
# #####[..§≈§..≈§...## #
####...#)..§§...≈....#


You could see a red draconian, 3 caustic shrikes, an iron troll and a deep troll
earth mage (burning).

Vanquished Creatures
  Boris (Depths:3)
  Sojobo (Depths:1)
  Saint Roka (Depths:3)
  Mara (Depths:3)
  5 golden dragons
  A bone dragon (Depths:5)
  5 liches
  8 caustic shrikes
  A tentacled monstrosity (Depths:3)
  2 deep elf blademasters (Elf:3)
  2 quicksilver dragons
  4 titans
  2 deep elf master archers (Elf:3)
  An Executioner (Elf:3)
  Polyphemus (Shoals:2)
  10 sphinxes
  2 octopode crushers (Depths:4)
  Agnes (Spider:1)
  3 storm dragons
  8 tengu reavers
  Frances (Spider:1)
  7 shadow dragons
  Ilsuiw (Shoals:5)
  13 fire giants
  Wiglaf (Spider:2)
  17 frost giants
  13 vault wardens
  2 iron dragons
  2 emperor scorpions
  A draconian zealot (Depths:5)
  Aizul (Depths:3)
  7 deep elf sorcerers
  2 ghost moths
  3 spriggan defenders
  Jorgrun (Elf:3)
  4 balrugs
  A reaper (Depths:2)
  33 stone giants
  6 war gargoyles
  16 very ugly things
  11 deep elf demonologists
  4 vampire knights
  The ghost of asdu the Earth Mage, a powerful DDEE of Makhleb (Spider:2)
  A red draconian (Depths:5)
  4 dire elephants
  2 pale draconians (Depths:5)
  2 purple draconians (Depths:5)
  15 deep elf annihilators
  5 deep elf death magi
  Snorg (Lair:6)
  7 merfolk javelineers (Shoals:5)
  2 blizzard demons (Depths:5)
  A crystal guardian (Vaults:5)
  10 fire dragons
  10 merfolk impalers
  15 ettins
  15 yaktaur captains
  25 vault guards
  4 great orbs of eyes
  6 deep elf high priests
  A great orb of eyes (shapeshifter) (Vaults:5)
  2 minotaurs (Depths:4)
  4 rakshasas
  11 hydras
  Fannar (Lair:5)
  12 ironheart preservers
  10 ogre magi
  Harold (Lair:1)
  8 ice dragons
  A ghost crab (shapeshifter) (Depths:3)
  11 centaur warriors
  A monstrous demonspawn (Depths:3)
  4 spriggan air magi
  6 merfolk avatars
  Erica (Lair:1)
  15 dancing weapons (Elf:2)
  An alligator (shapeshifter) (Vaults:5)
  2 alligator snapping turtles
  10 deep troll earth magi
  2 satyrs
  3 merfolk aquamancers
  3 tengu warriors
  A vampire mage (Depths:1)
  6 spriggan berserkers
  11 deep troll shamans
  An orc high priest (Orc:4)
  27 death yaks
  Urug (Elf:1)
  5 hell knights
  2 fire crabs
  A storm dragon zombie (Depths:2)
  2 ice devils (Depths:5)
  2 catoblepae
  6 sun demons
  The ghost of asdu the Frost Mage, an experienced HEIE of Sif Muna (Lair:3)
  15 sea snakes
  12 skeletal warriors
  2 sea snakes (shapeshifter) (Vaults:4)
  15 deep elf knights
  A salamander mystic (Depths:2)
  3 soul eaters (Depths:5)
  4 iron trolls
  49 deep trolls
  18 deep elf summoners
  A giant orange brain (Vaults:1)
  A deep troll (shapeshifter) (Vaults:4)
  5 hill giants
  An ice statue (Depths:5)
  12 ironbrand convokers
  2 unseen horrors
  An obsidian statue (Depths:3)
  Pikel (D:7)
  29 harpies
  A harpy (shapeshifter) (Depths:3)
  An anubis guard (shapeshifter) (Vaults:5)
  6 flayed ghosts
  18 orb spiders
  A sphinx zombie (Depths:2)
  57 ugly things
  A red wasp (shapeshifter) (Depths:3)
  18 orc knights
  A large abomination (Elf:3)
  4 orc sorcerers
  14 griffons
  3 necromancers
  4 wizards
  2 water nymphs (shapeshifter)
  10 fauns
  9 red wasps
  2 oklob plants (Lair:5)
  14 manticores
  A draconian (shapeshifter) (Vaults:3)
  6 water nymphs
  15 wolf spiders
  5 moths of wrath
  3 salamanders
  23 deep elf conjurers
  3 phantasmal warriors
  A sphinx skeleton (Depths:2)
  6 cyclopes
  A drowned soul (Shoals:5)
  9 sirens
  A titan simulacrum (Depths:5)
  Joseph (Lair:1)
  11 spiny frogs
  10 elephants
  A queen ant (Lair:7)
  7 rust devils
  2 gargoyles
  2 torpor snails
  3 black mambas
  A centaur zombie (D:13)
  2 kobold demonologists (Vaults:1)
  20 vault sentinels
  2 smoke demons
  Psyche (D:9)
  An efreet (Depths:5)
  9 komodo dragons
  71 yaktaurs
  A wandering mushroom (Lair:5)
  15 deep elf priests
  15 demonic crawlers
  A golden dragon simulacrum (Depths:5)
  3 harpy zombies (Shoals:4)
  A yaktaur (shapeshifter) (Vaults:2)
  6 trolls
  6 fire drakes
  A spriggan skeleton (Depths:2)
  7 freezing wraiths
  A baby alligator (shapeshifter) (Depths:3)
  44 merfolk
  A merfolk (shapeshifter) (Depths:3)
  3 blue devils
  2 two-headed ogres (shapeshifter)
  Sonja (Elf:1)
  A troll (shapeshifter) (D:13)
  8 red devils
  2 sphinx simulacra (Depths:5)
  Grinder (D:3)
  6 boulder beetles
  7 snapping turtles
  A wind drake (Shoals:2)
  2 jumping spiders (shapeshifter)
  3 raiju (Abyss:1)
  26 slime creatures
  29 jumping spiders
  A giant leech (shapeshifter) (Depths:3)
  A griffon zombie (Shoals:4)
  6 ravens
  3 basilisks
  2 ravens (shapeshifter)
  17 two-headed ogres
  9 blink frogs
  4 flying skulls (Depths:5)
  5 air elementals
  A basilisk (shapeshifter) (Depths:3)
  A boulder beetle (shapeshifter) (Vaults:5)
  4 shadows
  A trapdoor spider (shapeshifter) (Depths:2)
  A yak (shapeshifter) (Vaults:4)
  A wyvern (Lair:7)
  A wyvern (shapeshifter) (Depths:3)
  74 redbacks
  27 trapdoor spiders
  18 water elementals
  2 hungry ghosts
  36 tarantellas
  A tarantella (shapeshifter) (D:13)
  5 wraiths
  27 deep elf magi
  2 fire bats (Depths:2)
  42 yaks
  11 hippogriffs
  A spriggan (shapeshifter) (Depths:3)
  A death yak simulacrum (IceCv)
  2 golden eyes (shapeshifter)
  2 vampires
  Grum (D:11)
  5 humans (Lair:7)
  5 mottled dragons
  20 wolves
  26 deep elf fighters
  3 hippogriffs (shapeshifter)
  5 wargs
  Edmund (D:9)
  7 soldier ants
  11 porcupines
  5 hell hounds (Depths:5)
  8 vampire mosquitoes
  18 water moccasins
  A mottled dragon (shapeshifter) (Depths:4)
  2 soldier ants (shapeshifter)
  26 orc warriors
  11 ice beasts
  A dwarf (shapeshifter) (Depths:3)
  An alligator simulacrum (IceCv)
  A yellow wasp (D:11)
  A slave (D:7)
  5 black bears
  27 spiders
  28 centaurs
  An ice beast (shapeshifter) (Vaults:4)
  2 necrophages
  5 sky beasts
  A phantom (D:7)
  3 boring beetles
  21 crocodiles
  Duvessa (D:6)
  10 boggarts
  48 ogres
  19 giant frogs
  6 big kobolds
  2 brain worms
  A water moccasin zombie (D:11)
  6 scorpions
  2 electric eels
  5 wights (D:10)
  11 hounds
  19 killer bees
  A yellow wasp zombie (D:13)
  Dowan (D:6)
  10 crimson imps
  2 giant frog zombies (D:9)
  30 orc priests
  4 jellies
  3 giant frog skeletons
  4 centaur skeletons
  12 iguanas
  28 worker ants
  3 orange rats (Elf:1)
  30 orc wizards
  4 quasits
  3 iron imps (Depths:3)
  A polar bear simulacrum (IceCv)
  A wolf simulacrum (IceCv)
  11 sheep
  An elf simulacrum (Depths:2)
  2 hound skeletons
  29 adders
  A worker ant zombie (D:11)
  54 river rats
  4 shadow imps
  A giant mite (D:4)
  3 white imps
  A worm (D:2)
  An ufetubus (Vaults:4)
  3 orc zombies
  3 adder skeletons
  2 oozes
  171 orcs
  21 bats
  A bat skeleton (D:5)
  A bat zombie (Shoals:4)
  5 giant cockroaches
  29 hobgoblins
  3 jackals
  28 kobolds
  14 quokkas
  3 ball pythons
  2 giant geckos
  A giant gecko zombie (D:8)
  19 goblins
  22 rats
  8 ballistomycetes
  4 crawling corpses (Elf:3)
  2 fungi
  3 plants
2540 creatures vanquished.

Vanquished Creatures (collateral kills)
  Arachne (Spider:2)
  Nikola (Elf:3)
  A tentacled monstrosity (Vaults:5)
  A caustic shrike (Depths:5)
  A lich (Vaults:2)
  Asterion (Spider:2)
  2 quicksilver dragons
  Rupert (D:15)
  3 storm dragons
  5 tengu reavers
  Maud (D:14)
  2 emperor scorpions
  Louise (D:14)
  A ghost moth (Spider:5)
  2 orc warlords (Orc:4)
  A deep elf sorcerer (Elf:3)
  2 vault wardens
  A cacodemon (Elf:3)
  A spriggan defender (Depths:4)
  The ghost of asdu the Fencer, a mighty VSAs of Makhleb (Spider:5)
  3 stone giants
  A very ugly thing (Vaults:4)
  2 deep elf annihilators (Elf:3)
  5 dire elephants (Lair:8)
  A yellow draconian (Depths:5)
  A blizzard demon (D:15)
  2 ettins
  A deep elf death mage (Elf:3)
  2 ironheart preservers
  4 yaktaur captains
  4 vault guards
  A deep elf high priest (Elf:3)
  A death cob (Depths:5)
  An ice dragon (Depths:5)
  A centaur warrior (Depths:1)
  A rakshasa (Depths:1)
  2 spriggan air magi
  A deep troll earth mage (Depths:3)
  An anaconda (Lair:8)
  4 death yaks (Lair:8)
  A merfolk aquamancer (Shoals:5)
  A spriggan berserker (Depths:5)
  2 ogre magi
  2 orc high priests (Orc:4)
  A deep troll shaman (Depths:1)
  A skeletal warrior (Vaults:2)
  A deep elf knight (Vaults:4)
  4 deep trolls
  A giant orange brain (Vaults:5)
  2 ironbrand convokers (Vaults:5)
  4 orc knights
  4 wolf spiders
  A griffon (Shoals:5)
  An orb spider (Spider:5)
  A water nymph (Shoals:5)
  A moth of wrath (Spider:5)
  2 manticores (Shoals:5)
  3 orc sorcerers (Orc:4)
  2 ugly things
  2 vault sentinels
  2 sirens (Shoals:5)
  4 elephants (Lair:8)
  A smoke demon (Elf:3)
  A spiny frog (Lair:8)
  A komodo dragon (shapeshifter) (Depths:3)
  A blue devil (Depths:5)
  A jumping spider (Spider:5)
  3 yaktaurs
  2 freezing wraiths
  2 merfolk (Shoals:5)
  3 trolls
  A spriggan (Depths:5)
  A slime creature (Depths:1)
  A deep elf mage (Vaults:2)
  2 trapdoor spiders (Spider:5)
  A water elemental (Shoals:5)
  3 redbacks
  7 yaks (Lair:4)
  A tarantella (Spider:2)
  A deep elf fighter (Vaults:5)
  2 wargs
  A yellow wasp (Depths:5)
  14 orc warriors
  3 ogres
  An ogre (shapeshifter) (Depths:3)
  3 centaurs (Vaults:1)
  10 orc priests
  2 orange rats (Vaults:2)
  13 orc wizards
  43 orcs
  2 hobgoblins (Orc:1)
  6 orc zombies (Orc:4)
  7 plants (Lair:8)
252 creatures vanquished.

Vanquished Creatures (others)
  A lich (Depths:1)
  6 Executioners
  12 balrugs
  8 cacodemons
  A vault warden (Vaults:4)
  A stone giant (Depths:1)
  12 blizzard demons
  9 green deaths
  A molten gargoyle (Spider:5)
  A drowned soul (Shoals:4)
  2 fire elementals (Depths:5)
  A hellwing (D:15)
  2 earth elementals (Depths:5)
  A wind drake (Spider:5)
  A ynoxinul (D:15)
  An elf simulacrum (Depths:5)
  A slave (D:7)
  6 ufetubi (D:15)
  An adder skeleton (D:7)
  2 orcs (Vaults:5)
  A hobgoblin (Orc:1)
  A giant newt (D:7)
  2 giant spores
  13 fungi
  36 plants
  39 tentacles (Shoals:2)
  1446 tentacle segments (Shoals:2)
1608 creatures vanquished.

Grand Total: 4400 creatures vanquished

Notes
Turn   | Place    | Note
--------------------------------------------------------------
     0 | D:1      | myeffort, the Deep Dwarf Earth Elementalist, began the quest for the Orb.
     0 | D:1      | Reached XP level 1. HP: 15/15 MP: 2/2
   282 | D:1      | Reached XP level 2. HP: 22/22 MP: 0/3
   415 | D:1      | Reached skill level 5 in Earth Magic
   824 | D:1      | Reached XP level 3. HP: 26/28 MP: 6/6
   947 | D:2      | Reached skill level 6 in Earth Magic
  1010 | D:2      | Reached XP level 4. HP: 27/36 MP: 5/7
  1048 | D:2      | Learned a level 2 spell: Stoneskin
  1053 | D:2      | Learned a level 3 spell: Stone Arrow
  2092 | D:3      | Found a blossoming altar of Fedhas.
  2141 | D:3      | Reached skill level 7 in Earth Magic
  2210 | D:3      | Reached XP level 5. HP: 23/42 MP: 0/9
  2555 | D:3      | Noticed Grinder
  2566 | D:3      | Paralysed by Grinder for 5 turns
  2576 | D:3      | Killed Grinder
  2576 | D:3      | Reached skill level 9 in Earth Magic
  2576 | D:3      | Reached XP level 6. HP: 38/49 MP: 1/10
  3340 | D:4      | Reached skill level 10 in Earth Magic
  3594 | D:4      | Reached XP level 7. HP: 39/55 MP: 4/12
  3949 | D:4      | Found a radiant altar of Vehumet.
  4472 | D:4      | Reached skill level 11 in Earth Magic
  4737 | D:5      | Entered Level 5 of the Dungeon
  4742 | D:5      | Found Psaoriu's Antique Weapon Boutique.
  5489 | D:5      | Reached skill level 12 in Earth Magic
  5735 | D:5      | Reached XP level 8. HP: 40/62 MP: 10/13
  5928 | D:6      | Gained mutation: You have large cloven feet. [potion of mutation]
  5928 | D:6      | Gained mutation: You have an increased reservoir of magic (+10% MP). [potion of mutation]
  5928 | D:6      | Gained mutation: Your mind is acute. (Int +2) [potion of mutation]
  6006 | D:6      | Found Ajoirr's Magic Scroll Shoppe.
  6013 | D:6      | Bought a scroll of fear for 49 gold pieces
  6013 | D:6      | Bought a scroll of fear for 49 gold pieces
  6013 | D:6      | Bought a scroll of random uselessness for 14 gold pieces
  6013 | D:6      | Bought a scroll of teleportation for 42 gold pieces
  6143 | D:6      | Reached skill level 13 in Earth Magic
  6176 | D:6      | Found Veighit's Distillery.
  6182 | D:6      | Found a white marble altar of Elyvilon.
  6184 | D:6      | Bought a potion of curing for 33 gold pieces
  6184 | D:6      | Bought a potion of resistance for 110 gold pieces
  6202 | D:6      | Found Godghach's Book Shoppe.
  6361 | D:6      | Noticed Dowan
  6362 | D:6      | Noticed Duvessa
  6512 | D:6      | Found Phan's Book Boutique.
  6870 | D:7      | Got a spiked leather armour
  6881 | D:7      | Identified the +5 leather armour of the Desert {MR+ rCorr SInv} (You found it on level 7 of the Dungeon)
  7019 | D:7      | Noticed Pikel
  7021 | D:7      | Killed Pikel
  7021 | D:7      | Reached skill level 14 in Earth Magic
  7021 | D:7      | Gained mutation: You passively map the area around you. [level up]
  7021 | D:7      | Reached XP level 9. HP: 55/68 MP: 8/16
  7234 | D:7      | Reached skill level 15 in Earth Magic
  7263 | D:7      | Reached skill level 1 in Shields
  7290 | D:7      | Found Mnaciporo's Assorted Antiques.
  7302 | D:7      | Bought a scroll labeled DUEBBY SYTT for 30 gold pieces
  7302 | D:7      | Bought a scroll labeled CIKHLY TISETWIO for 30 gold pieces
  7302 | D:7      | Bought a scroll labeled HUBELU FALIMA for 30 gold pieces
  7618 | D:7      | Found a staircase to the Ecumenical Temple.
  7628 | Temple   | Entered the Ecumenical Temple
  7692 | Temple   | Became a worshipper of Makhleb the Destroyer
  8101 | D:8      | Found Jami's Magic Scroll Shoppe.
  8126 | D:8      | Reached skill level 5 in Shields
  8216 | D:8      | Noticed a two-headed hydra
  8222 | D:8      | Killed a two-headed hydra
  8223 | D:8      | Reached XP level 10. HP: 26/75 MP: 3/17
  8278 | D:8      | Acquired Makhleb's first power
  8322 | D:7      | Reached skill level 1 in Evocations
  8463 | D:8      | Found a sparkling altar of Nemelex Xobeh.
  8472 | D:8      | Found a sacrificial altar of Ru.
  8488 | D:8      | Found a snail-covered altar of Cheibriados.
  8540 | D:8      | Found a basalt altar of Yredelemnul.
  8617 | D:8      | Found a shimmering altar of Xom.
  8746 | D:8      | Reached skill level 5 in Evocations
  8781 | D:8      | Learned a level 5 spell: Lee's Rapid Deconstruction
  8931 | D:8      | Reached skill level 1 in Invocations
  9141 | D:9      | Noticed Edmund
  9209 | D:9      | Killed Edmund
  9409 | D:9      | Acquired Makhleb's second power
  9558 | D:9      | Found a staircase to the Orcish Mines.
  9788 | D:9      | Found a staircase to the Lair.
  9801 | Lair:1   | Entered Level 1 of the Lair of Beasts
  9857 | D:9      | Acquired Makhleb's third power
  9999 | D:9      | Noticed Psyche
 10006 | D:9      | Killed Psyche
 10358 | Orc:1    | Entered Level 1 of the Orcish Mines
 10358 | Orc:1    | Noticed an orc knight
 10374 | D:9      | Reached skill level 10 in Evocations
 10389 | D:9      | Reached skill level 5 in Invocations
 10464 | D:8      | Bought a scroll of fog for 22 gold pieces
 10464 | D:8      | Bought a scroll of recharging for 104 gold pieces
 10503 | D:10     | Entered Level 10 of the Dungeon
 10753 | D:10     | Reached XP level 11. HP: 81/81 MP: 14/26
 10865 | D:10     | Acquired Makhleb's fourth power
 11286 | D:10     | Learned a level 4 spell: Petrify
 11299 | D:11     | Noticed Grum
 11338 | D:11     | Noticed a hill giant
 11438 | D:11     | Killed a hill giant
 11783 | D:11     | Acquired Makhleb's fifth power
 11927 | D:11     | Killed Grum
 12191 | D:11     | Noticed a hill giant
 12199 | D:11     | Killed a hill giant
 12665 | D:12     | Reached skill level 5 in Stealth
 12806 | D:12     | Found a stormy altar of Qazlal.
 13508 | D:13     | Got a steaming ring mail
 13664 | D:13     | Reached XP level 12. HP: 88/88 MP: 21/29
 13697 | D:13     | Noticed a centaur warrior
 13803 | D:13     | Noticed an unseen horror
 13811 | D:13     | Killed an unseen horror
 13966 | D:13     | Got a dull robe
 13976 | D:13     | Reached skill level 10 in Invocations
 14731 | Lair:1   | Noticed Joseph
 15299 | Lair:1   | Noticed Harold
 15356 | Lair:1   | Noticed Erica
 15363 | Lair:1   | Killed Erica
 15363 | Lair:1   | Reached skill level 5 in Dodging
 15393 | Lair:1   | Got a bloodstained cloak
 15403 | Lair:1   | Identified the cursed +0 cloak of the Carpenter {rN+} (You found it on level 1 of the Lair of Beasts)
 15415 | Lair:1   | Identified the cursed +0 ring mail of the Dropbear {Str+2 Curse} (You found it on level 13 of the Dungeon)
 15426 | Lair:1   | Identified the +0 robe of the Snail {MR++} (You found it on level 13 of the Dungeon)
 15480 | Lair:1   | Killed Joseph
 15676 | Lair:1   | Identified Caejupid's Tome of Protection and Dislocation
 16383 | Lair:2   | Reached skill level 10 in Stealth
 16733 | Lair:2   | Noticed an eight-headed hydra
 16805 | Lair:2   | Killed an eight-headed hydra
 17498 | Lair:2   | Noticed a five-headed hydra
 17518 | Lair:2   | Killed a five-headed hydra
 17943 | Lair:3   | Got a twisted scale mail
 17954 | Lair:3   | Identified the +2 scale mail of Fyarime {Str+1 Int+4} (You found it on level 3 of the Lair of Beasts)
 18303 | Lair:1   | Killed Harold
 18386 | Lair:3   | Reached XP level 13. HP: 39/94 MP: 17/30
 18740 | Lair:3   | Found a staircase to the Shoals.
 19241 | Lair:3   | Noticed asdu's ghost (experienced HEIE)
 19247 | Lair:3   | Killed asdu's ghost
 19381 | Lair:3   | Noticed a four-headed hydra
 19388 | Lair:3   | Killed a four-headed hydra
 19574 | Lair:4   | Found a hole to the Spider Nest.
 20232 | Lair:4   | Found a white marble altar of Elyvilon.
 21235 | Lair:5   | Noticed Fannar
 21260 | Lair:5   | Killed Fannar
 22213 | Lair:5   | Reached skill level 15 in Evocations
 22474 | Lair:6   | Got a translucent mace
 22475 | Lair:6   | Identified the cursed +1 mace of the Tundras {crush, +Blink rF++ Str-3 Int+2} (You found it on level 6 of the Lair of Beasts)
 22485 | Lair:6   | Reached skill level 1 in Armour
 22497 | Lair:6   | Noticed Snorg
 22505 | Lair:6   | Killed Snorg
 22505 | Lair:6   | Reached skill level 1 in Conjurations
 23537 | Orc:1    | Killed an orc knight
 23537 | Orc:1    | Gained mutation: You resist negative energy. [level up]
 23537 | Orc:1    | Reached XP level 14. HP: 73/102 MP: 34/34
 23550 | Orc:1    | Noticed an orc knight
 23552 | Orc:1    | Killed an orc knight
 24533 | Orc:2    | Found a roughly hewn altar of Beogh.
 25608 | Orc:4    | Entered Level 4 of the Orcish Mines
 25608 | Orc:4    | Found a staircase to the Elven Halls.
 25694 | Orc:4    | Found Plublytz's Gadget Emporium.
 25851 | Orc:4    | Noticed an orc warlord
 25864 | Orc:4    | Killed an orc warlord
 26084 | Orc:4    | Reached skill level 16 in Earth Magic
 26112 | Orc:4    | Noticed an orc warlord
 26119 | Orc:4    | Noticed an Executioner
 26149 | Orc:4    | Killed an orc warlord
 26160 | Orc:4    | Found Klukhuan's Antique Armour Shoppe.
 26160 | Orc:4    | Found Smegh's Antique Weapon Emporium.
 26175 | Orc:4    | Found Iciupex's General Store.
 26175 | Orc:4    | Found Ewkown's Jewellery Shoppe.
 26252 | Orc:4    | Bought a scroll of identify for 24 gold pieces
 26265 | Orc:4    | Bought an embroidered cloak for 108 gold pieces
 26265 | Orc:4    | Bought an ichor-stained leather armour for 168 gold pieces
 26276 | Orc:4    | Identified the +0 leather armour of Fortification {rElec Curse} (You bought it in a shop on level 4 of the Orcish Mines)
 26969 | Lair:1   | Gained mutation: You can breathe flames. [potion of beneficial mutation]
 27153 | Lair:7   | Reached skill level 5 in Conjurations
 27555 | Lair:7   | Found a labyrinth entrance.
 27715 | Lair:7   | Got a bloodstained ring mail
 27790 | Lair:7   | Found a frozen archway.
 27798 | IceCv    | Entered an ice cave
 27818 | IceCv    | Noticed an Executioner
 28631 | Lair:8   | Entered Level 8 of the Lair of Beasts
 28922 | Lair:7   | Reached skill level 17 in Earth Magic
 30062 | Lair:8   | Reached skill level 15 in Invocations
 30746 | Lair:8   | Reached XP level 15. HP: 63/108 MP: 35/35
 30766 | Lair:8   | Found a viscous altar of Jiyva.
 30766 | Lair:8   | Found a staircase to the Slime Pits.
 31311 | D:13     | Killed a centaur warrior
 31359 | D:13     | Noticed a six-headed hydra
 31363 | D:13     | Noticed a vault guard
 31363 | D:13     | Killed a six-headed hydra
 31529 | D:14     | Noticed Louise
 31544 | D:14     | Noticed Maud
 31745 | D:14     | Found Wiazine's Distillery.
 32114 | D:15     | Entered Level 15 of the Dungeon
 32147 | D:15     | Reached skill level 18 in Earth Magic
 32148 | D:15     | Noticed Rupert
 32236 | D:14     | Cast into the Abyss (Louise)
 32344 | D:14     | Escaped the Abyss
 32376 | D:14     | Killed Maud
 32398 | D:14     | Killed Louise
 32748 | D:6      | Bought a book of Power for 495 gold pieces
 32760 | D:6      | Killed Dowan
 32761 | D:6      | Killed Duvessa
 33134 | D:13     | Found a gate to the Vaults.
 33294 | D:15     | Killed Rupert
 34547 | D:15     | Found a staircase to the Depths.
 35032 | Depths:1 | Entered Level 1 of the Depths
 35068 | Depths:1 | Found a shattered altar of Ashenzari.
 35104 | Depths:1 | Reached skill level 19 in Earth Magic
 35964 | Depths:1 | Noticed an Executioner
 36158 | Depths:1 | Reached skill level 10 in Conjurations
 36297 | Depths:1 | Noticed a tengu reaver
 36300 | Depths:1 | Noticed a tengu reaver
 36302 | Depths:1 | Noticed Sojobo
 36303 | Depths:1 | Killed a tengu reaver
 36314 | Depths:1 | Killed a tengu reaver
 36355 | D:15     | Reached XP level 16. HP: 67/115 MP: 35/35
 36571 | D:6      | Bought a scroll of recharging for 133 gold pieces
 36571 | D:6      | Bought a scroll of recharging for 133 gold pieces
 36579 | D:6      | Learned a level 6 spell: Iron Shot
 36586 | D:6      | Found a glowing golden altar of the Shining One.
 36812 | Spider:1 | Entered Level 1 of the Spider Nest
 36859 | Spider:1 | Noticed Frances
 36868 | Spider:1 | Killed Frances
 37515 | Spider:1 | Reached skill level 20 in Earth Magic
 37565 | Spider:1 | Noticed Agnes
 37568 | Spider:1 | Killed Agnes
 38138 | Spider:1 | Reached skill level 5 in Spellcasting
 38452 | Spider:2 | Noticed Arachne
 38464 | Spider:2 | Killed Arachne
 38502 | Spider:2 | Noticed Wiglaf
 38511 | Spider:2 | Noticed Asterion
 38512 | Spider:2 | Killed Wiglaf
 38516 | Spider:2 | Noticed a spectral weapon
 38517 | Spider:2 | Killed Asterion
 39463 | Spider:2 | Noticed asdu's ghost (powerful DDEE)
 39714 | Spider:2 | Killed asdu's ghost
 40141 | Spider:2 | Reached skill level 10 in Shields
 40210 | Spider:3 | Got a pair of jewelled boots
 40221 | Spider:3 | Identified the +2 pair of boots of Tragunow {+Inv rF+} (You found it on level 3 of the Spider Nest)
 43156 | Spider:5 | Entered Level 5 of the Spider Nest
 43705 | Spider:5 | Reached XP level 17. HP: 98/121 MP: 24/36
 45646 | Spider:5 | Noticed asdu's ghost (mighty VSAs)
 45663 | Spider:5 | Killed asdu's ghost
 45889 | Spider:5 | Got a gossamer rune of Zot
 46418 | Vaults:1 | Entered Level 1 of the Vaults
 48171 | Vaults:1 | Reached skill level 15 in Shields
 48206 | Vaults:1 | Reached skill level 15 in Stealth
 50015 | Vaults:2 | Gained mutation: You passively map a large area around you. [level up]
 50015 | Vaults:2 | Reached XP level 18. HP: 128/128 MP: 19/36
 50180 | Vaults:2 | Noticed a lich
 51267 | Vaults:2 | Reached skill level 21 in Earth Magic
 53997 | Vaults:2 | Killed a lich
 54014 | Vaults:2 | Found a staircase to the Crypt.
 54187 | Vaults:3 | Found Kaemic's Assorted Antiques.
 54575 | Shoals:1 | Entered Level 1 of the Shoals
 54973 | Shoals:1 | Reached skill level 22 in Earth Magic
 56688 | Shoals:2 | Noticed Polyphemus
 56735 | Shoals:2 | Killed Polyphemus
 58671 | Shoals:3 | Reached XP level 19. HP: 71/134 MP: 7/37
 59074 | Shoals:3 | Upgraded the game from 0.16-a0-2930-gdd371d7 to 0.16-a0-2939-g3ffa1c3
 60209 | Shoals:3 | Reached skill level 23 in Earth Magic
 61666 | Shoals:5 | Entered Level 5 of the Shoals
 61796 | Shoals:5 | Reached skill level 10 in Dodging
 62289 | Shoals:5 | Got a barnacled rune of Zot
 62329 | Shoals:5 | Noticed Ilsuiw
 62389 | Shoals:4 | Upgraded the game from 0.16-a0-2939-g3ffa1c3 to 0.16-a0-2955-gfa193e0
 62706 | Lair:3   | Identified a scroll of acquirement
 62923 | Elf:1    | Entered Level 1 of the Elven Halls
 62933 | Elf:1    | Reached skill level 1 in Staves
 62936 | Elf:1    | Noticed Sonja
 63062 | Elf:1    | Killed Sonja
 63542 | Elf:1    | Identified Sif Muna's Grimoire of Summoning
 63677 | Elf:1    | Noticed Urug
 63679 | Elf:1    | Killed Urug
 64326 | Elf:2    | Reached skill level 5 in Staves
 65161 | Elf:2    | Found a runed gate.
 65162 | Elf:2    | Found a runed gate.
 65163 | Elf:2    | Found a runed gate.
 66146 | Elf:3    | Entered Level 3 of the Elven Halls
 66301 | Elf:3    | Noticed Jorgrun
 66787 | Shoals:5 | Reached XP level 20. HP: 141/141 MP: 0/37
 68560 | Shoals:5 | Reached skill level 24 in Earth Magic
 68647 | Shoals:5 | Killed Ilsuiw
 70112 | Elf:3    | Noticed Nikola
 70280 | Elf:3    | Killed Jorgrun
 70546 | Elf:3    | Killed Nikola
 71407 | D:13     | Killed a vault guard
 71500 | Vaults:1 | Noticed a golden dragon
 71614 | Vaults:1 | Killed a golden dragon
 72836 | Vaults:3 | Found a glowing silver altar of Zin.
 73920 | Vaults:1 | Reached skill level 25 in Earth Magic
 74396 | Crypt:1  | Entered Level 1 of the Crypt
 75090 | Vaults:4 | Reached skill level 15 in Dodging
 75090 | Vaults:4 | Reached XP level 21. HP: 147/147 MP: 14/37
 76458 | Vaults:4 | Found Mnaysal's Gadget Emporium.
 76780 | Vaults:4 | Reached skill level 10 in Staves
 77455 | Vaults:4 | Found Quarrain's Antique Weapon Shop.
 78617 | Vaults:5 | Entered Level 5 of the Vaults
 78923 | Lair:1   | Learned a level 9 spell: Shatter
 79246 | Depths:1 | Found a gateway to Hell.
 79376 | Depths:1 | Noticed a lich
 79376 | Depths:1 | Noticed a lich
 79376 | Depths:1 | Noticed a sphinx
 79380 | Depths:1 | Noticed a lich
 79384 | Depths:1 | Killed a sphinx
 79387 | Depths:1 | Killed a lich
 79389 | Depths:1 | Killed a lich
 79400 | Depths:1 | Killed a lich
 79788 | Depths:1 | Killed Sojobo
 79819 | Depths:1 | Got an ichor-stained leather armour
 79830 | Depths:1 | Identified the cursed +0 leather armour of Sorcery {Str+3} (You found it on level 1 of the Depths)
 80114 | Depths:1 | Identified Dispater's Compendium of Creative Clay
 80373 | Depths:1 | Reached XP level 22. HP: 141/154 MP: 18/37
 81001 | Depths:2 | Found a snail-covered altar of Cheibriados.
 81637 | Depths:2 | Reached skill level 26 in Earth Magic
 82187 | Depths:2 | Found Alen's Antique Weapon Boutique.
 82320 | Depths:2 | Found a one-way gate leading to the halls of Pandemonium.
 82354 | Depths:2 | Found a stormy altar of Qazlal.
 83013 | Depths:3 | Noticed Saint Roka
 83252 | Hell     | Entered the Vestibule of Hell
 83252 | Hell     | Noticed Geryon
 83538 | Depths:2 | Reached skill level 27 in Earth Magic
 83864 | Depths:3 | Noticed Boris
 83884 | Depths:3 | Killed Boris
 85166 | Elf:3    | Reached XP level 23. HP: 160/160 MP: 18/38
 85250 | Elf:3    | Identified Suept's Handbook of Augmentations
 85272 | Elf:3    | Got a fine ring mail
 85279 | Elf:3    | Identified Advanced Spellweaving
 85301 | Elf:3    | Identified the cursed -3 ring mail "Innoano" {SInv} (You found it on level 3 of the Elven Halls)
 85880 | Elf:3    | Got a scorched turquoise ring
 85882 | Elf:3    | Identified the ring of Papu {Ice rPois Str+3} (You found it on level 3 of the Elven Halls)
 85900 | Elf:3    | Identified the Papyrus of Conjuration and Ice
 88626 | Vaults:5 | Identified a +4 rod of shadows (10/10) (You took it off a centaur warrior on level 1 of the Depths)
 89564 | Vaults:5 | Reached XP level 24. HP: 168/168 MP: 19/41
 89750 | Vaults:5 | Got a bound brass ring
 89752 | Vaults:5 | Identified Brubi Ghi's Almanac of the Destructive Birds
 89755 | Vaults:5 | Identified the ring of Thrifo {rPois Slay-4 Stlth--} (You found it on level 5 of the Vaults)
 90599 | Vaults:5 | Identified the Reference Book on Confrontation and Poison
 90616 | Vaults:5 | Got a silver rune of Zot
 90713 | Vaults:5 | Got a brightly glowing silver ring
 91103 | Vaults:5 | Identified the ring of the Cockatrice {rElec MR+ Str+3 Slay+6} (You took it off a tengu reaver on level 5 of the Vaults)
 91539 | Depths:3 | Killed Saint Roka
 91615 | Depths:3 | Noticed Mara
 91623 | Depths:3 | Killed Mara
 92205 | Depths:3 | Found a one-way gate to the infinite horrors of the Abyss.
 92681 | Depths:3 | Got a fine turquoise ring
 92683 | Depths:3 | Identified the ring of Mnozuf {Fire +Fly Slay+2} (You took it off a deep elf mage on level 3 of the Depths)
 92874 | Depths:3 | HP: 7/168 [balrug/vampiric demon whip[the player character] (9)]
 92882 | Depths:3 | HP: 8/168 [deep troll (13)]
 93189 | Depths:3 | Noticed Aizul
 93196 | Depths:3 | Killed Aizul
 93437 | Depths:3 | Identified a +0 rod of ignition (12/12) (You took it off a deep elf mage on level 3 of the Depths)
 94680 | Depths:4 | Reached XP level 25. HP: 174/174 MP: 25/42
 95078 | Depths:4 | Found a gateway to a ziggurat.
 95306 | Depths:4 | Reached skill level 15 in Conjurations
 95568 | Depths:5 | Entered Level 5 of the Depths
 96422 | Depths:5 | Reached skill level 1 in Fighting
 96457 | Depths:5 | Found a bloodstained altar of Trog.
 96651 | Depths:5 | Reached skill level 5 in Fighting
 96811 | Depths:5 | Upgraded the game from 0.16-a0-2955-gfa193e0 to 0.16-a0-2979-g562a0a4
 96924 | Depths:5 | Slain by a caustic shrike

Action                   |  1- 3 |  4- 6 |  7- 9 | 10-12 | 13-15 | 16-18 | 19-21 | 22-24 | 25-27 || total
-------------------------+-------+-------+-------+-------+-------+-------+-------+-------+-------++-------
Melee: Unarmed           |     1 |       |       |       |       |       |       |       |       ||     1
       Whip              |     8 |    14 |    16 |   342 |       |       |       |       |       ||   380
       Staff             |       |     6 |    22 |     5 |    77 |    29 |   299 |   342 |    48 ||   828
Throw: Stone             |       |       |       |       |     2 |     9 |     5 |       |       ||    16
 Cast: Sandblast         |    39 |    96 |   115 |   248 |   142 |   291 |    83 |     3 |     1 ||  1018
       Stoneskin         |       |     4 |    11 |    19 |    12 |    20 |     5 |     1 |     2 ||    74
       Stone Arrow       |       |     7 |    66 |   203 |   565 |    63 |     8 |     1 |     1 ||   914
       Lee's Rapid Decon |       |       |       |    58 |   245 |   256 |   167 |   142 |    63 ||   931
       Petrify           |       |       |       |    23 |    38 |    54 |    62 |    21 |    12 ||   210
       Iron Shot         |       |       |       |       |       |   529 |   522 |   432 |   157 ||  1640
       Shatter           |       |       |       |       |       |       |       |     7 |       ||     7
Invok: Greater Servant o |       |       |       |       |    23 |    13 |    13 |    18 |    12 ||    79
       Lesser Servant of |       |       |       |       |     3 |       |       |       |       ||     3
       Major Destruction |       |       |       |       |     2 |     6 |       |       |     6 ||    14
 Abil: Evoke Blink       |       |       |       |       |     1 |       |       |       |       ||     1
       Device Recharging |       |       |       |       |     1 |       |     2 |       |     2 ||     5
       Breathe Fire      |       |       |       |       |     1 |       |       |       |     1 ||     2
Evoke: Wand              |       |     2 |     2 |    11 |    37 |    14 |    17 |    12 |     9 ||   104
       Deck              |       |       |       |       |     1 |     3 |       |     4 |       ||     8
       Stone of tremors  |       |       |       |       |       |       |       |     3 |     1 ||     4
       Staff of energy   |       |       |       |       |       |       |       |   638 |   432 ||  1070
       Rod               |       |       |       |       |       |       |       |     3 |       ||     3
       Phantom mirror    |       |       |       |       |       |       |       |     1 |       ||     1
       Lamp of fire      |       |       |       |       |       |       |       |       |     1 ||     1
  Use: Scroll            |       |       |     6 |    10 |    27 |     7 |    10 |    13 |     5 ||    78
       Potion            |       |       |     3 |     3 |    11 |    17 |     5 |     5 |     1 ||    45
 Stab: Petrified         |       |       |       |     2 |       |       |     1 |     1 |       ||     4
       Sleeping          |       |       |       |     1 |       |       |     2 |     4 |       ||     7
       Confused          |       |       |       |       |     2 |       |       |       |       ||     2
       Distracted        |       |       |       |       |       |     1 |     3 |     1 |     1 ||     6
       Petrifying        |       |       |       |       |       |       |     1 |       |       ||     1
  Eat: Chunk             |     1 |    10 |    19 |    62 |   198 |   316 |   304 |   150 |    27 ||  1087
       Fruit             |       |       |     2 |       |       |     2 |     2 |     1 |     3 ||    10
       Beef jerky        |       |       |     2 |       |       |     2 |       |     3 |       ||     7
       Meat ration       |       |       |       |     3 |     1 |     8 |     8 |     2 |       ||    22
       Bread ration      |       |       |       |       |       |     3 |       |       |       ||     3
       Pizza             |       |       |       |       |       |     1 |     1 |       |       ||     2
